 Dungeon Crawl Stone Soup version 0.18-a0-1539-g1c7284a (webtiles) character file.

140 Ijustatesigmund the Insei (level 5, 0/36 HPs)
             Began as an Octopode Transmuter on Mar 9, 2016.
             Killed from afar by Sigmund (11 damage)
             ... with a magic dart
             ... on level 2 of the Dungeon.
             The game lasted 00:07:49 (2799 turns).

Ijustatesigmund the Insei (Octopode Transmuter)     Turns: 2799, Time: 00:07:49

Health: 0/36       AC:  1    Str: 15    XL:     5   Next: 23%
Magic:  8/8        EV: 12    Int: 16    God:
Gold:   127        SH:  0    Dex: 12    Spells: 3 memorised, 2 levels left

rFire  + . .     SeeInvis .       - Unarmed
rCold  x . .     Gourm    .     (no shield)
rNeg   . . .     Faith    .     (helmet restricted)
rPois  .         Spirit   .     h - amulet of magic regeneration
rElec  .         Dismiss  .     e - ring of protection from magic
rCorr  .         Reflect  .     l - ring of fire
SustAt .         Harm     .     (no ring)
MR     +....                    (no ring)
Stlth  ++........               (no ring)
                                (no ring)
                                (no ring)
                                (no ring)

@: mighty, somewhat resistant to hostile enchantments, unstealthy
A: almost no armour, amphibious, 8 rings, constrict 8, camouflage 1, gelatinous
body 1
a: no special abilities


You were on level 2 of the Dungeon.
You were not hungry.

You visited 1 branch of the dungeon, and saw 4 of its levels.

You collected 127 gold pieces.

Inventory:

Missiles
 a - 36 arrows
Jewellery
 e - a ring of protection from magic (left tentacle)
 h - an amulet of magic regeneration (around mantle)
 l - a ring of fire (right tentacle)
Scrolls
 f - 2 scrolls of teleportation
Potions
 d - a potion of might
 g - 2 potions of curing {unknown}
 i - a potion of cancellation {unknown}
 k - a potion of magic {unknown}
 n - a potion of lignification {unknown}
Books
 b - a book of Changes

   Spells                             Type                      Level
   a - Beastly Appendage              Transmutation                1
   b - Sticks to Snakes               Transmutation                2
   c - Spider Form                    Transmutation/Poison         3
   d - Ice Form                       Ice/Transmutation            4
   e - Blade Hands                    Transmutation                5
Comestibles
 j - a meat ration


   Skills:
 + Level 3.0 Fighting
 - Level 2.0 Dodging
 + Level 4.2 Unarmed Combat
 + Level 2.1 Spellcasting
 + Level 2.0 Transmutations
 - Level 2.4 Poison Magic


You had 2 spell levels left.
You knew the following spells:

 Your Spells              Type           Power        Failure   Level  Hunger
a - Beastly Appendage     Trmt           #.....       10%         1    #......
b - Sticks to Snakes      Trmt           #.......     14%         2    ###....
c - Spider Form           Trmt/Pois      #.........   28%         3    ###....


Dungeon Overview and Level Annotations

Branches:
Dungeon (4/15)
 Temple: D:4-7

Altars:
Nemelex Xobeh

Annotations:
D:2 Sigmund


Innate Abilities, Weirdness & Mutations

You cannot wear most types of armour.
You are amphibious.
You can wear up to eight rings at the same time.
You can use your tentacles to constrict eight enemies at once.
Your skin changes colour to match your surroundings (Stealth).
Your rubbery body absorbs attacks (AC +1).


Message History

Confirm with . or Enter, or press ? or * to list all spells.
You create a snake!
You now have 36 arrows.
A puff of flame appears from out of thin air!
The puff of flame hits you!
Put on which piece of jewellery? (? for menu, Esc to quit)
You feel more attuned to fire.
l - a ring of fire (right tentacle) Drink which item? (? for menu, Esc to quit)
You feel very mighty all of a sudden. Something hits your ball python.
Your ball python dies!
Something hits you! Something hits you.
You swap places.
You tentacle-slap something. Something hits you!
You barely miss something.
You hear some strange, mumbled words.
A magic dart appears from out of thin air!
The magic dart hits you!
You die...

###.##.###.#..####.#.#(..###.....
........................>...#.###
###.#########..###...##.#########
#.# #..###........†.....# #.#
#...##..###.#######.# #.#
#.#.##..# #.# #.# #.#
#.#..#..###.#######.# #.#
#(##S#............... #. #.
#@##.###.######### #. #{##. #...#
#.##..#.###.### #...........#
#####.#.##### #.#.# #...# ....
##..


You could see a friendly ball python.

Vanquished Creatures
  A worker ant (D:4)
  3 gnolls (D:3)
  3 adders (D:3)
  2 dart slugs
  A giant gecko (D:3)
  4 orcs (D:3)
  6 giant cockroaches
  8 goblins
  10 hobgoblins
  A quokka (D:2)
  6 bats
  2 giant newts
  5 kobolds
  2 rats
54 creatures vanquished.

Vanquished Creatures (collateral kills)
  2 worms (D:3)
  A bat (D:3)
3 creatures vanquished.

Grand Total: 57 creatures vanquished

Notes
Turn   | Place    | Note
--------------------------------------------------------------
     0 | D:1      | Ijustatesigmund the Octopode Transmuter began the quest for the Orb.
     0 | D:1      | Reached XP level 1. HP: 13/13 MP: 3/3
   145 | D:1      | Reached XP level 2. HP: 16/18 MP: 5/5
   149 | D:1      | Learned a level 2 spell: Sticks to Snakes
  1094 | D:1      | Reached XP level 3. HP: 18/24 MP: 6/6
  1110 | D:1      | Learned a level 3 spell: Spider Form
  1700 | D:2      | Noticed Sigmund
  1847 | D:3      | Reached skill level 1 in Poison Magic
  1950 | D:3      | Reached XP level 4. HP: 25/30 MP: 7/7
  2269 | D:3      | Reached skill level 4 in Unarmed Combat
  2381 | D:3      | Reached XP level 5. HP: 31/36 MP: 8/8
  2726 | D:4      | Found a sparkling altar of Nemelex Xobeh.
  2750 | D:4      | Noticed a phantom
  2799 | D:2      | Killed from afar by Sigmund

Vault maps used:
D:1:      dpeg_arrival_water_temple_mockup, minmay_crystal_room, feat_on_display
D:2:      first_bread, grunt_decor_mini_mirrors, uniq_crazy_yiuf_cottage,
          uniq_sigmund
D:4:      overflow_temple_1_default, minmay_temple_entry_fiery

Skill      XL: |  1  2  3  4  5 |
---------------+----------------+-----
Fighting       | 2 3 |  3.0
Poison Magic   | 1 2 |  2.4
Unarmed Combat | 4 |  4.2
Dodging        | |  2.0
Spellcasting   | |  2.1
Transmutations | |  2.0

Action                   |  1- 3 |  4- 6 || total
-------------------------+-------+-------++-------
Melee: Unarmed           |    82 |    38 ||   120
 Cast: Beastly Appendage |     6 |     7 ||    13
       Sticks to Snakes  |     2 |     8 ||    10
  Use: Scroll            |     3 |     4 ||     7
       Potion            |       |     1 ||     1
 Stab: Sleeping          |       |     2 ||     2
  Eat: Bread ration      |     1 |     1 ||     2
       Chunk             |     1 |     1 ||     2
